AoeStats
← divineslain

Baltic

511037692Analyzed
3v3 RM · 6h ago on Oct 3, 2026· 31m 55s· 6 players
Game mode
Random Map
Map size
Normal (6 player)
Population
200
Speed
Normal
Resources
Standard
Victory
Conquest
Starting age
Dark Age
Ending age
Imperial Age
RankedLock teamsTeams togetherTeam positionsShared explorationLock speedFull tech treeHidden civsTurbo modeCheats
Victory
Defeat
🇵🇪 Vikings · Peru
1109
+11
🇵🇪 Turks · Peru
996
+16
🇨🇱 Malay · Chile
911
+18
🇨🇴 Khmer · Colombia
1036
-17
🇨🇴 Magyars · Colombia
969
-14
🇨🇴 Varangians · Colombia
969
-14
JoseAli
0:26 Loom
12:18 Feudal Age
16:53 Castle Age
14:53 Double-Bit Axe
22:34 Horse Collar
26:28 Wheelbarrow
26:27 Husbandry
27:38 Stone Mining
28:11 Gold Mining
28:53 Light Cavalry
29:57 Scale Barding Armor
30:08 Forging
30:12 Town Watch
31:36 Bloodlines
31:58 Heavy Plow
32:13 Bow Saw
Alkimista666
3:37 Loom
12:02 Feudal Age
16:16 Castle Age
20:20 Double-Bit Axe
22:59 Town Watch
23:25 Stone Mining
26:03 Gold Mining
27:33 Wheelbarrow
27:58 Corvinian Army
27:46 Horse Collar
30:26 Bow Saw
32:05 Husbandry
divineslain
14:28 Feudal Age
16:35 Double-Bit Axe
19:49 Castle Age
19:44 Gold Mining
19:45 Stone Mining
25:06 Bow Saw
28:06 Stone Shaft Mining
28:22 Horse Collar
Orson Welles
5:19 Loom
11:43 Feudal Age
11:20 Double-Bit Axe
17:04 Gold Mining
20:45 Castle Age
21:01 Wheelbarrow
19:49 Crossbowman
24:19 Thumb Ring
25:46 Fishing Lines
28:21 Fletching
28:32 Padded Archer Armor
29:01 Bow Saw
29:01 Town Watch
34:40 Imperial Age
Mister Carlitos
6:40 Loom
9:49 Feudal Age
13:22 Double-Bit Axe
20:03 Castle Age
20:44 Fishing Lines
22:33 Gold Mining
22:34 Stone Mining
24:35 Ballistics
25:28 Gillnets
27:17 Wheelbarrow
26:47 Padded Archer Armor
30:30 Imperial Age
28:42 Murder Holes
31:25 Elite Janissary
32:26 Conscription
ferqr_91
10:53 Feudal Age
12:27 Double-Bit Axe
17:10 Castle Age
15:24 Fletching
15:36 Loom
15:50 Fishing Lines
17:28 Padded Archer Armor
19:48 Bodkin Arrow
20:39 Town Watch
21:08 Gillnets
22:12 Medium Warships
22:57 Stone Mining
22:57 Gold Mining
24:48 Bow Saw
28:59 Imperial Age
27:34 Forging
27:24 Scale Mail Armor
27:13 Horse Collar
29:51 Iron Casting
29:21 Scale Barding Armor
29:24 Chieftains
31:57 Blast Furnace
Connection lost

Rejoining the realm…

Still unreachable

The connection could not be restored.

Session expired

The server has moved on; the page needs a fresh start.